 Dungeon Crawl Stone Soup version 0.29.1-12-g30fa7ad0bf (webtiles) character file.

Game seed: 5996604019867960068

466 GigaChad the Covered (level 6, 0/55 HPs)
             Began as a Minotaur Fighter on Dec 13, 2022.
             Killed by nerve-wracking pain
             ... invoked by an orc priest
              (12 damage)
             ... on level 4 of the Dungeon.
             The game lasted 00:03:01 (3129 turns).

GigaChad the Covered (Minotaur Fighter)             Turns: 3129, Time: 00:03:02

Health: 0/55       AC: 11    Str: 22    XL:     6   Next: 81%
Magic:  5/5        EV: 10    Int:  5    God:
Gold:   139        SH:  0    Dex: 10    Spells: 5/5 levels left

rFire   . . .      SeeInvis .   a - +0 war axe
rCold   . . .      Faith    .   c - +0 buckler
rNeg    . . .      Spirit   .   b - +0 scale mail
rPois   .          Reflect  .   (helmet restricted)
rElec   .          Harm     .   (no cloak)
rCorr   .          Rampage  .   (no gloves)
Will    .....                   (no boots)
Stlth   ..........              (no amulet)
HPRegen 0.18/turn               m - +4 ring of protection
MPRegen 0.09/turn               (no ring)

@: confused, lethally poisoned (0 -> -4)
A: horns 2, retaliatory headbutt
a: no special abilities


You were on level 4 of the Dungeon.
You visited 1 branch of the dungeon, and saw 4 of its levels.

You collected 139 gold pieces.

Inventory:

Hand Weapons
 a - a +0 war axe (weapon)
Armour
 b - a +0 scale mail (worn)
 c - a +0 buckler (worn)
Jewellery
 m - a +4 ring of protection (left hand)
Scrolls
 e - 3 scrolls of identify {unknown}
 g - 2 scrolls of vulnerability {unknown}
 i - 2 scrolls of immolation {unknown}
 k - a scroll of brand weapon {unknown}
 o - a scroll of amnesia {unknown}
Potions
 d - 2 potions of might
 f - a potion of brilliance {unknown}
 h - 2 potions of flight {unknown}
 j - 3 potions of curing {unknown}
 l - 2 potions of ambrosia {unknown}
 n - 2 potions of heal wounds {unknown}
 p - a potion of resistance {unknown}


   Skills:
 + Level 4.9 Fighting
 + Level 5.4 Axes
 + Level 5.6 Armour
 + Level 1.9 Dodging
 + Level 0.4 Stealth
 + Level 4.9 Shields


You had 5 spell levels left.
You didn't know any spells.
Your spell library contained the following spells:

 Spells                   Type           Power      Damage    Failure   Level
 Static Discharge         Conj/Air       0%         3-3/arc   95%         2
 Lightning Bolt           Conj/Air       0%         1d11      100%        5
 Maxwell's Capacitive Co  Air            0%         ∞         100%        8


Dungeon Overview and Level Annotations

Branches:
Dungeon (4/15)
 Temple: D:4-7

Altars:

Annotations:
D:3 1 runed translucent door, Crazy Yiuf


Innate Abilities, Weirdness & Mutations

You have a pair of horns on your head.
You reflexively headbutt those who attack you in melee.


Message History

You are confused.
The orc priest hits you but does no damage.
You feel sick.
The orc wizard gestures at you while chanting.
The magic dart hits you but does no damage.
The orc hits you but does no damage.
You feel sick. The orc priest hits you with a +0 whip.
You feel sick. The orc hits you but does no damage.
The orc priest hits you with a +0 whip.
You closely miss the orc.
The orc is moderately wounded.
You hit the orc wizard but do no damage.
You miss the orc priest.
You feel sick. The orc hits you with a +0 war axe.
The orc priest barely misses you.
The orc wizard points at you and mumbles some strange words.
The puff of flame hits you but does no damage.
The orc attacks as you move away! The orc hits you but does no damage.
You feel sick.
The orc priest casts a cantrip, but nothing happens.
You barely miss the orc.
The orc is moderately wounded.
You slash the orc wizard!
You feel sick.
You are no longer poisoned.
The orc closely misses you.
The orc wizard hits you but does no damage.
You are poisoned.
The orc priest attacks as you move away!
The orc priest hits you but does no damage.
You feel less confused.
You feel sick. The orc wizard casts a spell at you.
You are confused.
The orc wizard attacks as you move away!
The orc wizard closely misses you.
You feel sick.
You bump into the rock wall.
You feel sick.
The orc wizard hits you with a +1 dagger of venom.
* * * LOW HITPOINT WARNING * * *
The orc priest invokes the aid of Beogh against you.
Pain shoots through your body!
You die...

#..##...... #.
##..#...# ..##
#...$...####
#..>##..<.......##
#......<..#......#
#......#..##.....
###....#).#......
##........#.##...
..........o.@###.
#.....)...Woo#
............##
.............#
...............#
.............###
...........##.#
.#..#....... ...
#..#..##..## ..


You could see a phantom, an orc priest, an orc wizard and an orc.

Vanquished Creatures
  Sigmund (D:3)
  A necrophage (D:4)
  Ijyb (D:3)
  An iguana (D:4)
  2 orc wizards
  Robin (D:3)
  4 adders
  An ufetubus (D:3)
  A worm (D:3)
  2 dart slugs
  9 orcs
  5 ball pythons
  6 bats
  4 endoplasms
  2 giant cockroaches
  16 goblins
  11 hobgoblins
  5 jackals
  5 kobolds
  A quokka (D:3)
  3 frilled lizards
  6 rats
88 creatures vanquished.

Notes
Turn   | Place    | Note
-------+----------+-------------------------------------------
     0 | D:1      | GigaChad the Minotaur Fighter began the quest for the Orb.
     0 | D:1      | Reached XP level 1. HP: 19/19 MP: 0/0
   217 | D:1      | Reached XP level 2. HP: 24/27 MP: 1/1
   644 | D:1      | Found a faded altar of an unknown god.
   687 | D:1      | Reached XP level 3. HP: 33/33 MP: 2/2
  1161 | D:2      | Reached XP level 4. HP: 40/40 MP: 3/3
  1806 | D:3      | Noticed Robin
  1832 | D:3      | Killed Robin
  1833 | D:3      | Reached XP level 5. HP: 31/47 MP: 4/4
  1987 | D:3      | Reached skill level 1 in Dodging
  2143 | D:3      | Noticed Sigmund
  2160 | D:3      | Killed Sigmund
  2161 | D:3      | Reached skill level 5 in Armour
  2161 | D:3      | Reached XP level 6. HP: 28/53 MP: 5/5
  2502 | D:3      | Noticed Ijyb
  2535 | D:3      | Killed Ijyb
  2762 | D:3      | Found a runed translucent door.
  2763 | D:3      | Noticed Crazy Yiuf
  3100 | D:4      | Reached skill level 5 in Axes
  3129 | D:4      | Killed from afar by an orc priest

Illustrated notes

Levels and vault maps discovered:
D:1:      mushboom_english_gardens, layout_loops_ring,
          chequers_ecumenical_altar_simple
D:2:      layout_loops_ring, hangedman_decor_growths
D:3:      layout_basic, hex_intersection, uniq_crazy_yiuf_cottage, uniq_robin,
          uniq_sigmund, uniq_ijyb
D:4:      layout_cave_pools, kennysheep_minor_cross, small_statue_intersection

Skill      XL: |  1  2  3  4  5  6 |
---------------+-------------------+-----
Shields        | 4 |  4.9
Fighting       | 4 |  4.9
Armour         | 4 5 |  5.6
Axes           | 3 4 5 |  5.4
Dodging        | 1 |  1.9
Stealth        | |  0.4

Action                   |  1- 3 |  4- 6 || total
-------------------------+-------+-------++-------
Melee: War axe           |    62 |   107 ||   169
       Headbutt          |     6 |     8 ||    14
Armor: Scale mail        |    41 |    80 ||   121
Dodge: Dodged            |    39 |    71 ||   110
Block: Buckler           |    19 |    27 ||    46
